GagarinX, lawful female human Archeologist -- ---------- |. --....||..-- |..- |...|.--...----- ...-- ---.|*|....).....--- ..-- |.%.|........--....-- -..---)--|.......----....| -------......| |.|>....| --...| |..|[|.@u..--- |.|.....-- |...-- -- --...)......| |........| --....| |.........d...--- |.|......| |.....- --............| --.|---------.--...| -.............- |<.| |...|--.-- ...............*. |..| ---.------- ------.--..|.--.... ---- |...|-..-- -- -------..--- ------.--|....| ..| --..|...|--.--.--- ..| |.......|...||...-- --- --....---.-----...| ---......| --..| -------- ---- GagarinX the Field Worker Experience level: 4 Strength: 16 Dexterity: 10 Constitution: 11 Intelligence: 14 Wisdom: 18 Charisma: 9 Health: 0(25) Energy: 18(18) Def: 4 Gold: 0 Moves: 1046 Dungeon seed: LH9zf0uegJJIZmnp Game ID: GagarinX_1499924994 Your Inventory: Weapons a - an uncursed +2 bullwhip Armor n - an uncursed +0 fedora (being worn) z - an uncursed +0 ring mail (being worn) N - an uncursed +1 dwarvish cloak (being worn) Comestibles b - 3 uncursed food rations l - 2 uncursed lichen corpses m - 2 uncursed pears Potions A - an uncursed potion of invisibility Wands s - an uncursed wand of striking (0:5) Tools e - a cursed tallow candle (0:200) r - an uncursed +0 pick-axe (weapon in hand) t - an uncursed tin whistle u - an uncursed sack x - 7 uncursed tallow candles (0:200) Gems q - an uncursed touchstone y - an uncursed worthless piece of black glass Contents of the sack: 233 gold pieces an uncursed scroll of blank paper an uncursed scroll of enchant weapon a blessed scroll of fire a cursed scroll of identify an uncursed potion of fruit juice an uncursed magic marker (0:55) an uncursed tinning kit (0:59) Spells and supernatural/magical abilities: Name Level Category Fail Memory W - pray for help -- divine ? -- Your skills at the end: Fighting Skills Weapon Skills pick-axe [Basic] whip [Basic] Spellcasting Skills Final Attributes: You were stridently aligned. You were stealthy. You were fast. You are dead. Vanquished creatures: 2 gnome lords a gnomish wizard 2 dwarves a gas spore 7 gnomes a gnome zombie 6 jackals 2 foxes a kobold 3 goblins 2 lichens a kobold zombie 3 newts 32 creatures vanquished. Voluntary challenges: You were an atheist. You used a wielded weapon 17 times, starting on turn 24. You read items or engraved 1 time, starting on turn 903. You never genocided any monsters. You never polymorphed an object. You never changed form. You used no wishes. You never split a pudding. You wrote Elbereth's name 1 time, starting on turn 903. You violated your moral code, losing 13 points of alignment, starting on turn 1036. Dungeon overview: The Dungeons of Doom: levels 1 to 3 Level 1 a long staircase Level 2 (chest) some fountains, a sink Level 3 stairs to The Gnomish Mines The Gnomish Mines: levels 4 to 5 Level 4 <- You were here stairs to The Dungeons of Doom Level 5 History has recorded: On T:1 you entered the Dungeons of Doom to retrieve the Amulet of Yendor! On T:65 you reached level 2 of The Dungeons of Doom. On T:325 you reached level 3 of The Dungeons of Doom. On T:557 you advanced to experience level 2. On T:729 you reached level 1 of The Gnomish Mines. On T:773 you reached level 2 of The Gnomish Mines. On T:805 you advanced to experience level 3. On T:996 you advanced to experience level 4. Score breakdown: Gold: 233 ( 8059 points) Experience: 4 levels ( 9649 points) Exploration: 5 levels ( 9.62%) ( 8401 points) Discoveries: 4 items ( 1.34%) ( 3475 points) Valuables value: (no points given unless you survive) Artifact value: 0 ( 0 points) Variety of kills: 13 monsters ( 3.41%) ( 5541 points) Turncount: 1046 turns ( 0 points) Survival: died (score multiplied by 80%) Total score: 28100 Latest messages: You have a little trouble lifting A - a ruby potion. Your movements are slowed slightly because of your load. You start equipping your hooded cloak. You are now wearing a hooded cloak. You drop an uncursed +0 leather jacket. Your movements are now unencumbered. Pes eats a dwarf corpse. Pes picks up an uncursed +0 leather jacket. You hit the pony! You miss the pony. The pony kicks! The pony bites! The pony kicks! The pony bites! You miss the pony. The pony kicks! The pony bites! An arrow shoots out at you! You are hit by an arrow! You die... Final status: Goodbye GagarinX the Archeologist, killed by an arrow... You died in The Gnomish Mines on dungeon level 4 with 28100 points, and 233 pieces of gold, after 1046 moves. You were level 4 with a maximum of 25 hit points when you died.